 Dungeon Crawl Stone Soup version 0.31-a0-656-gb4d89c20fa (webtiles) character file.

Game seed: 4628675205477971426

31261 themarg the Myrmidon (level 13, -1/133 HPs)
             Began as a Troll Fighter on Aug 30, 2023.
             Was an Elder of Okawaru.
             Slain by an eight-headed hydra (9 damage)
             ... on level 3 of the Lair of Beasts on Aug 31, 2023.
             The game lasted 00:59:26 (15050 turns).

themarg the Myrmidon (Troll Fighter)               Turns: 15050, Time: 00:59:26

Health: -1/133     AC: 17    Str: 40    XL:     13   Next: 25%
Magic:  16/21      EV: 11    Int:  7    God:    Okawaru [****..]
Gold:   1006       SH:  9    Dex: 15    Spells: 12/12 levels left

rFire   . . .        U - +5 mace of the Crafting Lamprey {protect, +Blink Str+3}
rCold   . . .        b - +0 kite shield
rNeg    . . .        H - +0 steam dragon scales
rPois   .            J - +1 hat {Int+3}
rElec   .            k - +0 cloak
rCorr   .            (gloves unavailable)
SInv    .            (boots unavailable)
Will    .....        W - amulet of regeneration
Stlth   +            N - +6 ring of strength
HPRegen 2.02/turn    K - +6 ring of dexterity
MPRegen 0.17/turn

%: no passive effects
@: finesse-ful, under a protective aura
A: large, unfitting armour, claws 3, regeneration 1, shaggy fur 1, tough skin 1
a: Renounce Religion, Evoke Blink, Heroism, Finesse


You were on level 3 of the Lair of Beasts.
You worshipped Okawaru.
Okawaru was greatly pleased with you.
You visited 3 branches of the dungeon, and saw 15 of its levels.
You also visited: Sewer and Bailey.

You collected 1006 gold pieces.

Inventory:

Hand Weapons
 o - the +2 broad axe of Pyennuedd {drain, rElec rPois Str-5}
   (Okawaru gifted it to you on level 1 of the Lair of Beasts)

   Str-5:     It affects your strength (-5).
   rElec:     It insulates you from electricity.
   rPois:     It protects you from poison
 U - the +5 mace of the Crafting Lamprey (weapon) {protect, +Blink Str+3}
   (You found it on level 10 of the Dungeon)

   Str+3:     It affects your strength (+3).
   +Blink:    It lets you blink.
Missiles
 a - 21 javelins
 e - 8 throwing nets
 h - 155 stones
 I - 25 poisoned darts (quivered)
 L - 4 curare-tipped darts
 R - 6 silver javelins
 S - 3 boomerangs
Armour
 b - a +0 kite shield (worn)
 k - a +0 cloak (worn)
 H - +0 steam dragon scales (worn)
 J - a +1 hat of intelligence (worn)
 V - a scarf of harm
Jewellery
 i - a ring of see invisible
 B - an amulet of guardian spirit
 K - a +6 ring of dexterity (right claw)
 N - a +6 ring of strength (left claw)
 T - a ring of fire
 W - an amulet of regeneration (around neck)
Wands
 l - a wand of polymorph (11)
 v - a wand of iceblast (10)
 C - a wand of flame (27)
 O - a wand of mindburst (4)
Scrolls
 d - 2 scrolls of fear
 f - 2 scrolls of silence
 g - 5 scrolls of blinking
 m - 3 scrolls of revelation
 n - 2 scrolls of enchant weapon
 q - 2 scrolls of butterflies {unknown}
 t - a scroll of noise {unknown}
 u - a scroll of poison {unknown}
 y - 4 scrolls of teleportation
 z - 2 scrolls of enchant armour {unknown}
 D - 2 scrolls of identify
 E - 2 scrolls of amnesia {unknown}
 G - 3 scrolls of torment {unknown}
Potions
 c - 6 potions of might
 j - 6 potions of enlightenment
 p - 2 potions of magic
 r - 4 potions of curing
 s - 2 potions of attraction {unknown}
 w - 2 potions of brilliance {unknown}
 x - 2 potions of heal wounds
 A - a potion of invisibility {unknown}
 F - a potion of cancellation {unknown}
 M - a potion of haste {unknown}
 P - a potion of mutation {unknown}
 Q - a potion of lignification {unknown}


   Skills:
 - Level 10.0 Fighting
 - Level 3.0 Throwing
 * Level 4.6 Armour
 - Level 5.0 Dodging
 - Level 5.0 Shields
 - Level 12.0 Unarmed Combat
 - Level 12.0 Invocations


You had 12 spell levels left.
You didn't know any spells.
Your spell library contained the following spells:

 Spells                   Type           Power      Damage    Failure   Level
 Hailstorm                Conj/Ice       0%         3d3       91%         3
 Stone Arrow              Conj/Erth      0%         3d7       91%         3
 Lehudib's Crystal Spear  Conj/Erth      0%         10d2      100%        8
 Animate Armour           Summ/Erth      Unusable   N/A       N/A         4
 Summon Ice Beast         Ice/Summ       Unusable   N/A       N/A         4
 Simulacrum               Ice/Necr       Unusable   N/A       N/A         6

Dungeon Overview and Level Annotations

Branches:
Dungeon (11/15)            Temple (1/1) D:5            Lair (3/5) D:11
    Orc (0/2) D:10          Sewer (visited)          Bailey (visited)
  Swamp: Lair:2-3    Shoals: Lair:2-3     Snake: Lair:2-3    Spider: Lair:2-3

Altars:
Ashenzari
Cheibriados
Dithmenos
Elyvilon
Fedhas
Gozag
Hepliaklqana
Kikubaaqudgha
Makhleb
Nemelex Xobeh
Okawaru
Qazlal
Ru
Sif Muna
Trog
Uskayaw
Vehumet
Wu Jian
Xom
Yredelemnul
Zin
The Shining One

Shops:
D:6 :   D:9 [=[=:

Annotations:
D:8 3 runed translucent doors, bahustanut's ghost, novice DsSh
D:10 2 transporters, Fodor's ghost, novice MiFi


Innate Abilities, Weirdness & Mutations

You are too large for most types of armour.
You have claws for hands.
Your natural rate of healing is unusually fast.
You are covered in fur. (AC +1)
You have tough skin. (AC +1)


Message History

You block the eight-headed hydra's attack.
The eight-headed hydra bites you! The eight-headed hydra bites you. x2
The eight-headed hydra completely misses you.
The eight-headed hydra bites you! The eight-headed hydra bites you. x2
You sock the eight-headed hydra!
The eight-headed hydra is moderately wounded.
The eight-headed hydra bites you but does no damage.
The eight-headed hydra barely misses you.
You block the eight-headed hydra's attack.
The eight-headed hydra misses you.
The eight-headed hydra bites you but does no damage.
The eight-headed hydra barely misses you.
The eight-headed hydra bites you.
The eight-headed hydra bites you but does no damage.
The eight-headed hydra barely misses you.
The eight-headed hydra bites you but does no damage.
The eight-headed hydra bites you.
You block the eight-headed hydra's attack.
The eight-headed hydra bites you. The eight-headed hydra bites you! x2
The eight-headed hydra bites you.
* * * LOW HITPOINT WARNING * * *
Okay, then.
You can now deal lightning-fast blows.
The eight-headed hydra bites you but does no damage.
You block the eight-headed hydra's attack.
The eight-headed hydra bites you!
* * * LOW HITPOINT WARNING * * *
The eight-headed hydra bites you but does no damage.
The eight-headed hydra bites you!
* * * LOW HITPOINT WARNING * * *
You block the eight-headed hydra's attack.
The eight-headed hydra bites you but does no damage.
The eight-headed hydra closely misses you.
You bludgeon the eight-headed hydra!!
The eight-headed hydra is heavily wounded.
The eight-headed hydra bites you!
* * * LOW HITPOINT WARNING * * *
The eight-headed hydra bites you but does no damage.
The eight-headed hydra bites you!
You die...

#.......#..........##..
##......##...#...#...†#.
#............#.......#÷.
#..........#...........
#...........#..##......
#......##..##..#....#..
#......##..##.......##.
#......##...#..#P...##.
#.....@##...#..##..###.
....#..D#P..##......###.
........#P.......#...##.
.....#..##..........###.
.....#..P#..##...#...##.
.....#...##..##..#...##..
#...........##..##........#.
#.......##).#....#..........
#........##..#....#..........


You could see an eight-headed hydra.

Vanquished Creatures
  Gastronok (D:8)
  Harold (D:9)
  Urug (Lair:1)
  3 skeletal warriors (D:11)
  A lindwurm (Lair:3)
  An orc knight (Bailey)
  6 elephants (Lair:3)
  4 black mambas
  7 cane toads
  An unseen horror (D:10)
  4 rime drakes
  Psyche (D:11)
  8 komodo dragons
  A hornet (D:9)
  2 polar bears
  16 blink frogs
  A shadow (D:11)
  5 wraiths
  Sigmund (D:3)
  5 wyverns
  16 yaks
  A basilisk (Lair:3)
  2 steam dragons
  Edmund (D:6)
  15 water moccasins
  4 sky beasts
  8 ice beasts
  11 orc warriors
  2 black bears
  2 ogres
  18 wolves
  3 centaurs
  A phantom (D:6)
  14 bullfrogs
  2 kobold brigands
  A scorpion (D:4)
  A gnoll sergeant (D:7)
  9 wights
  13 killer bees
  4 howler monkeys
  An electric eel (Lair:3)
  A crimson imp (D:5)
  10 orc priests
  4 hounds
  2 iguanas
  A jelly (D:6)
  2 gnoll boudas
  2 sleepcaps
  Jessica (D:2)
  Ijyb (D:3)
  Natasha (thrice) (D:3)
  11 orc wizards
  14 gnolls
  2 river rats (Sewer)
  15 adders
  A shadow imp (D:7)
  4 white imps
  2 worms
  2 dart slugs
  60 orcs
  17 ball pythons
  3 endoplasms
  5 giant cockroaches
  12 goblins
  7 hobgoblins
  15 jackals
  4 quokkas
  3 bats
  2 frilled lizards
  11 kobolds
  8 rats
424 creatures vanquished.

Notes
Turn   | Place    | Note
-------+----------+-------------------------------------------
     0 | D:1      | themarg the Troll Fighter began the quest for the Orb.
     0 | D:1      | Reached XP level 1. HP: 22/22 MP: 0/0
    48 | D:1      | Reached XP level 2. HP: 29/29 MP: 1/1
   236 | D:1      | Reached XP level 3. HP: 37/37 MP: 2/2
   735 | D:2      | You fall into a shaft and drop 2 floors!
   777 | D:4      | Noticed an ice beast
   811 | D:4      | Reached XP level 4. HP: 48/48 MP: 3/3
   812 | D:4      | Noticed a water moccasin
   834 | D:3      | Noticed Sigmund
   838 | D:3      | Killed Sigmund
   839 | D:3      | Reached skill level 5 in Fighting
   839 | D:3      | Reached XP level 5. HP: 57/57 MP: 4/4
   864 | D:3      | Noticed Ijyb
   904 | D:3      | Reached XP level 6. HP: 65/66 MP: 5/5
   916 | D:3      | Found a glowing drain.
   934 | Sewer    | Entered a sewer
  1189 | Sewer    | Reached skill level 1 in Throwing
  1672 | D:3      | Found a bloodstained altar of Trog.
  1927 | D:3      | Identified the +0 robe of the Fifty Nightingales {rF+ Dex+3
                  | Archmagi}
  1960 | D:3      | Found a shimmering blue altar of Sif Muna.
  1964 | D:3      | Noticed Natasha
  1970 | D:3      | Killed Natasha
  1971 | D:3      | Reached XP level 7. HP: 74/74 MP: 6/6
  2266 | D:3      | Noticed Natasha
  2272 | D:3      | Killed Natasha
  2323 | D:3      | Noticed Natasha
  2329 | D:3      | Killed Natasha
  2366 | D:3      | Killed Ijyb
  2446 | D:2      | Noticed Jessica
  2446 | D:2      | Found a faded altar of an unknown god.
  2741 | D:2      | Killed Jessica
  3083 | D:4      | Found an iron altar of Okawaru.
  3091 | D:4      | Became a worshipper of Warmaster Okawaru
  3396 | D:4      | Reached skill level 5 in Unarmed Combat
  3425 | D:5      | Entered Level 5 of the Dungeon
  3520 | D:5      | Found a staircase to the Ecumenical Temple.
  3529 | Temple   | Entered the Ecumenical Temple
  3529 | Temple   | Noticed an ice devil
  3529 | Temple   | Noticed an orange demon
  3529 | Temple   | Noticed a hellion
  3530 | Temple   | Noticed a sixfirhy
  3530 | Temple   | Noticed Ilirph the pandemonium lord
  3530 | Temple   | Noticed Xitang the pandemonium lord
  3647 | D:5      | Reached XP level 8. HP: 66/84 MP: 7/7
  3693 | D:5      | Found a hide-covered altar of Uskayaw.
  3889 | D:5      | Reached * piety under Okawaru
  3972 | D:5      | Found an ancient bone altar of Kikubaaqudgha.
  4109 | D:5      | Identified the scarf "Wev Hair" {repulsion, +Inv rF+ Int+2}
  4448 | D:6      | Found Enuloi's Book Shoppe.
  4459 | D:6      | Noticed Edmund
  4492 | D:6      | Killed Edmund
  4493 | D:6      | Reached skill level 1 in Invocations
  4568 | D:6      | Reached ** piety under Okawaru
  4720 | D:6      | Reached XP level 9. HP: 94/94 MP: 10/10
  5245 | D:6      | Found a runed translucent door.
  5674 | D:7      | Reached skill level 5 in Invocations
  5791 | D:7      | Reached *** piety under Okawaru
  5798 | D:7      | Found a shimmering altar of Xom.
  6139 | D:7      | Reached skill level 10 in Fighting
  6139 | D:7      | Reached XP level 10. HP: 71/110 MP: 10/12
  6360 | D:8      | Noticed Gastronok
  6388 | D:8      | Identified the +7 flail of Supply {flame, Str+4 Int-4}
  6412 | D:8      | Reached **** piety under Okawaru
  6598 | D:8      | Killed Gastronok
  6761 | D:8      | Found a basalt altar of Yredelemnul.
  6891 | D:8      | Found a runed translucent gate.
  6891 | D:8      | Found a runed translucent gate.
  6891 | D:8      | Found a runed translucent gate.
  6893 | D:8      | Noticed bahustanut's ghost (novice DsSh)
  6918 | D:9      | Found Xikhlosm's Jewellery Shoppe.
  6945 | D:9      | Found a flagged portal.
  6948 | D:9      | Noticed Harold
  6973 | D:9      | Killed Harold
  6974 | D:9      | Reached skill level 5 in Dodging
  6984 | Bailey   | Entered a bailey
  7184 | Bailey   | Noticed an orc knight
  7223 | Bailey   | Killed an orc knight
  7223 | Bailey   | Reached ***** piety under Okawaru
  7223 | Bailey   | Received a gift from Okawaru
  7535 | D:9      | Reached XP level 11. HP: 92/117 MP: 13/16
  7581 | D:9      | Found Foel's Book Boutique.
  7818 | D:9      | Found Nontoan's Armour Boutique.
  8131 | D:9      | Noticed an animated plate armour
  8132 | D:9      | Found Ahuad's Armour Boutique.
  8134 | D:9      | Noticed an animated plate armour
  8154 | D:9      | Found Muateymy's Jewellery Boutique.
  8175 | D:9      | Received a gift from Okawaru
  8411 | D:10     | Entered Level 10 of the Dungeon
  8411 | D:10     | Found a transporter.
  8412 | D:10     | Found a transporter.
  8415 | D:10     | Noticed Fodor's ghost (novice MiFi)
  8472 | D:10     | Noticed a two-headed ogre
  8545 | D:10     | Identified the +5 mace of the Crafting Lamprey {protect,
                  | +Blink Str+3}
  8598 | D:10     | Found a shadowy altar of Dithmenos.
  8755 | D:10     | Reached skill level 10 in Invocations
  8926 | D:10     | Received a gift from Okawaru
  8960 | D:10     | Found a staircase to the Orcish Mines.
  9702 | D:11     | Noticed a skeletal warrior
  9711 | D:11     | Noticed a skeletal warrior
  9727 | D:11     | Killed a skeletal warrior
  9728 | D:11     | Reached skill level 5 in Shields
  9729 | D:11     | Noticed a skeletal warrior
  9731 | D:11     | Killed a skeletal warrior
 10090 | D:11     | Killed a skeletal warrior
 10286 | D:11     | Noticed Psyche
 10294 | D:11     | Killed Psyche
 10390 | D:11     | Found a staircase to the Lair.
 10788 | Lair:1   | Entered Level 1 of the Lair of Beasts
 10797 | Lair:1   | Reached XP level 12. HP: 126/126 MP: 19/19
 11098 | Lair:1   | Identified the +2 broad axe of Pyennuedd {drain, rElec
                  | rPois Str-5} (Okawaru gifted it to you on level 1 of the
                  | Lair of Beasts)
 11098 | Lair:1   | Received a gift from Okawaru
 11598 | Lair:1   | Noticed Urug
 11614 | Lair:1   | Killed Urug
 13158 | Lair:2   | Received a gift from Okawaru
 13167 | Lair:2   | Reached skill level 10 in Unarmed Combat
 14234 | Lair:3   | Reached skill level 1 in Armour
 14324 | Lair:3   | Reached XP level 13. HP: 117/133 MP: 21/21
 15050 | Lair:3   | Slain by an eight-headed hydra

Illustrated notes

Levels and vault maps discovered:
D:1:      psy_arrival_whirlpool, layout_rooms, minmay_misc_feat_rows
D:2:      layout_rooms, hellmonk_ecumenical_altar_dog_temple, uniq_jessica
D:3:      layout_basic, mainiacjoe_overflow_tiny_flanked, old_standard_altar,
          portal_sewer_entry_f, uniq_natasha, uniq_sigmund, uniq_ijyb
D:4:      layout_rooms, kennysheep_little_box
D:5:      layout_loops_ring, nicolae_uskayaw_dance_hall,
          nicolae_kikubaaqudgha_miasma_corner, lemuel_temple_firewalk_b,
          minmay_fire_ice_demons
D:6:      layout_basic, serial_shops, shop, kennysheep_doodads,
          minmay_misc_feat_tiny, lightli_church_of_beogh, uniq_edmund
D:7:      layout_rooms, minmay_ruined_shrine
D:8:      layout_rooms, mainiacjoe_overflow_six_doors_small,
          gammafunk_ghost_necromancy, minmay_gold_behind_fungi, uniq_gastronok
D:9:      layout_cave_pods, enter_bailey_5, serial_shops,
          nicolae_shop_mannequins, shop, nicolae_book_shop_shelving,
          nicolae_shop_just_a_little_nook, nicolae_shop_hallway_stairs,
          uniq_harold
D:10:     layout_basic, nicolae_dithmenos_through_a_glass_darkly, orc_0_dummy,
          nzn_ghost_randoct
D:11:     layout_basic, hellmonk_lair_entry_icy, uniq_psyche
Temple:   nicolae_temple_panitentiary
Lair:1:   layout_cave_pods, beast_lair_carwin_4, uniq_urug
Lair:2:   layout_cave_pods, st_stairs_5, beast_lair_carwin_10,
          grunt_megastairs_1, infiniplex_staircase_pool_2
Lair:3:   layout_long_grid, nicolae_shoals_entry_roost, dummy_spider_entry,
          serial_bayou_pond_c

Skill      XL: |  1  2  3  4  5  6  7  8  9 10 11 12 13 |
---------------+----------------------------------------+-----
Fighting       | 3 4 5 6 7 10 | 10.0
Unarmed Combat | 3 5 6 7 11 12 | 12.0
Throwing       | 1 3 |  3.0
Invocations    | 3 5 8 10 12 | 12.0
Dodging        | 5 |  5.0
Shields        | 5 |  5.0
Armour         | 1 4 |  4.6

Action                     |  1- 3 |  4- 6 |  7- 9 | 10-12 | 13-15 || total
---------------------------+-------+-------+-------+-------+-------++-------
  Melee: Unarmed           |    71 |   168 |   373 |   784 |    81 ||  1477
         Mace              |       |       |       |       |     4 ||     4
  Throw: Dart              |       |       |       |    25 |       ||    25
 Invoke: Heroism           |       |       |     3 |    12 |     1 ||    16
         Finesse           |       |       |       |     4 |     2 ||     6
    Use: Scroll            |       |     2 |     5 |     6 |       ||    13
         Potion            |       |       |       |     4 |       ||     4
   Stab: Sleeping          |       |       |     1 |       |       ||     1
         Distracted        |       |       |       |     1 |       ||     1
 Armour: Robe              |    24 |    53 |    62 |     2 |       ||   141
         Steam dragon scal |       |       |       |   205 |    42 ||   247
  Dodge: Dodged            |    22 |    63 |   109 |   292 |    45 ||   531
  Block: Kite shield       |    28 |    49 |   123 |   319 |    41 ||   560

Table legend: (Time is in decaauts)
 A = Elapsed time spent in this place.
 B = Non-inter-level travel time spent in this place.
 C = Inter-level travel time spent in this place.
 D = Time resting spent in this place.
 E = Time spent auto-exploring this place.
 F = Levels seen in this place.
 G = Mean time per level.
                   A        B        C        D        E       F      G
               +--------+--------+--------+--------+--------+-----+--------+
         Total |  15011 |  13767 |   1244 |    538 |   9754 |  17 |  883.0 |
       Dungeon |   9607 |   8492 |   1115 |    277 |   5977 |  11 |  873.4 |
        Temple |      1 |      1 |      0 |      0 |      0 |   1 |    1.0 |
          Lair |   4210 |   4081 |    129 |    178 |   3135 |   3 | 1403.3 |
         Sewer |    719 |    719 |      0 |     16 |    419 |   1 |  719.0 |
        Bailey |    472 |    472 |      0 |     67 |    223 |   1 |  472.0 |
               +--------+--------+--------+--------+--------+-----+--------+

Top non-repeatable levels by time:
  Lair:1: 2247 daAuts
  Lair:2: 1300 daAuts
     D:6: 1265 daAuts
     D:3: 1215 daAuts
     D:9: 1131 daAuts
    D:10: 1125 daAuts
    D:11: 945 daAuts
     D:5: 943 daAuts
     D:7: 806 daAuts
   Sewer: 719 daAuts
     D:8: 667 daAuts
  Lair:3: 662 daAuts
     D:4: 539 daAuts
     D:1: 509 daAuts
  Bailey: 472 daAuts
